 Dungeon Crawl Stone Soup version 0.29.1-1-gd02db6906a (webtiles) character file.

Game seed: 13375543271768311482

173 safid the Shooter (level 5, -4/45 HPs)
             Began as a Minotaur Hunter on Oct 18, 2022.
             Splashed by a jelly's acid (9 damage)
             ... in a sewer.
             The game lasted 00:03:06 (2398 turns).

safid the Shooter (Minotaur Hunter)                 Turns: 2398, Time: 00:03:06

Health: -4/45      AC: -13   Str: 16    XL:     5   Next: 28%
Magic:  4/4        EV: 12    Int:  6    God:
Gold:   232        SH:  0    Dex: 21    Spells: 4/4 levels left

rFire   . . .      SeeInvis .   a - +0 shortbow
rCold   . . .      Faith    .   (shield currently unavailable)
rNeg    . . .      Spirit   .   c - +0 leather armour
rPois   .          Reflect  .   (helmet restricted)
rElec   .          Harm     .   (no cloak)
rCorr   .          Rampage  .   (no gloves)
Will    .....                   (no boots)
Stlth   +.........              (no amulet)
HPRegen 0.15/turn               o - +6 ring of dexterity
MPRegen 0.09/turn               (no ring)

@: corroded, very slow
A: horns 2, retaliatory headbutt
a: no special abilities


You were in a sewer.
You visited 1 branch of the dungeon, and saw 4 of its levels.
You also visited: Sewer.

You collected 232 gold pieces.

Inventory:

Hand Weapons
 a - a +0 shortbow (weapon)
Armour
 c - a +0 leather armour (worn)
Jewellery
 n - an amulet of faith
 o - a +6 ring of dexterity (left hand)
Scrolls
 b - 3 scrolls of immolation
 f - 5 scrolls of teleportation {unknown}
 g - a scroll of magic mapping {unknown}
 l - 2 scrolls of identify {unknown}
 m - a scroll of enchant weapon {unknown}
 p - a scroll of butterflies {unknown}
Potions
 d - a potion of cancellation {unknown}
 e - a potion of curing {unknown}
 h - 2 potions of brilliance {unknown}
 i - 3 potions of might {unknown}
 j - 2 potions of mutation {unknown}
 k - a potion of attraction {unknown}
 q - a potion of haste {unknown}
 r - a potion of heal wounds {unknown}


   Skills:
 - Level 3.0 Fighting
 + Level 7.1 Ranged Weapons
 - Level 2.1 Dodging
 - Level 0.7 Stealth


You had 4 spell levels left.
You didn't know any spells.
Your spell library was empty.

Dungeon Overview and Level Annotations

Branches:
Dungeon (5/15)              Sewer (1/1)
 Temple: D:4-7

Altars:


Innate Abilities, Weirdness & Mutations

You have a pair of horns on your head.
You reflexively headbutt those who attack you in melee.


Message History

You shoot an arrow. The arrow hits the giant cockroach.
You kill the giant cockroach!
You shoot an arrow. The arrow hits the jelly!
The jelly is severely wounded.
You hear an angry hiss.
A frilled lizard comes into view.
You shoot an arrow.
The arrow hits the jelly but does no damage.
The jelly is severely wounded.
You shoot an arrow.
The arrow hits the jelly but does no damage.
The jelly is severely wounded.
You shoot an arrow. The arrow barely misses the jelly.
The jelly hits you. The acid corrodes you!
You are splashed with acid!
You shoot an arrow. The arrow hits the jelly.
The jelly is almost dead.
The jelly hits you. The acid corrodes you!
You are splashed with acid!
The jelly hits you. The acid corrodes you!
You are splashed with acid!
* * * LOW HITPOINT WARNING * * *
You are too injured to fight recklessly!
You are too injured to fight recklessly!
You are too injured to fight recklessly!
You are too injured to fight recklessly!
Unknown command.
You enter the shallow water.
Moving in this stuff is going to be slow.
You enter the shallow water.
Moving in this stuff is going to be slow.
The jelly closely misses you. The jelly attacks as you move away!
The jelly closely misses you. The jelly barely misses you.
The jelly attacks as you move away! The jelly hits you. The acid corrodes you!
You are splashed with acid!
* * * LOW HITPOINT WARNING * * *
You enter the shallow water.
Moving in this stuff is going to be slow.
The jelly hits you.
* * * LOW HITPOINT WARNING * * *
You are splashed with acid!
You die...

#~~~~.... ~.#
#~.~~.. ~.# #~~..##
.~## ##.~~.~##
##~~~~
##~.~~~~.###.~~~.
###~††~##..~~~.~~#
##~....####~..~~.##
#..lJ.##..##~.####
#.~@####...#.~#
##.~## ##~.~..#
#.~~# ##~.~## #..##
##### #..#
########## #..#
#.~....~~# #..#
#~~.†..~~# #..#
#~.####..# #~.#
#~~# #.~#


You could see a jelly and a frilled lizard.

Vanquished Creatures
  A jelly (Sewer)
  2 adders
  3 river rats
  3 worms
  3 dart slugs
  2 orcs (D:3)
  13 endoplasms
  7 giant cockroaches
  5 hobgoblins
  4 jackals
  2 quokkas
  12 ball pythons
  3 bats
  9 frilled lizards
  2 goblins
  5 kobolds
  6 rats
  A spectral hobgoblin (D:1)
83 creatures vanquished.

Vanquished Creatures (others)
  17 withered plants (D:1)
17 creatures vanquished.

Grand Total: 100 creatures vanquished

Notes
Turn   | Place    | Note
-------+----------+-------------------------------------------
     0 | D:1      | safid the Minotaur Hunter began the quest for the Orb.
     0 | D:1      | Reached XP level 1. HP: 18/18 MP: 0/0
    76 | D:1      | Reached XP level 2. HP: 6/25 MP: 1/1
   514 | D:1      | Found a faded altar of an unknown god.
   558 | D:1      | Reached skill level 5 in Ranged Weapons
   981 | D:2      | Reached XP level 3. HP: 31/31 MP: 2/2
  1624 | D:3      | Reached XP level 4. HP: 33/38 MP: 3/3
  1753 | D:3      | Reached skill level 6 in Ranged Weapons
  1961 | D:3      | You fall into a shaft and drop 2 floors!
  1961 | D:5      | Entered Level 5 of the Dungeon
  2010 | D:5      | Found a glowing drain.
  2016 | Sewer    | Entered a sewer
  2347 | Sewer    | Reached XP level 5. HP: 45/45 MP: 4/4
  2361 | Sewer    | Reached skill level 7 in Ranged Weapons
  2398 | Sewer    | Splashed by a jelly's acid

Illustrated notes

Levels and vault maps discovered:
D:1:      spicycebolla_arrival_clurvy, layout_loops_ring,
          dreamdust_ecumenical_altar_drowned_temple
D:2:      minmay_chambers_of_ones, layout_basic
D:3:      layout_basic
D:5:      layout_loops_cross, serial_glass, glass_columns_a, glass_columns_a,
          serial_shops, shop, gup_sewer_entry_bubbles
Sewer:    sewer_hellmonk_slimy_pipes

Skill      XL: |  1  2  3  4  5 |
---------------+----------------+-----
Fighting       | 3 |  3.0
Ranged Weapons | 5 6 7 |  7.1
Dodging        | |  2.1
Stealth        | |  0.7

Action                   |  1- 3 |  4- 6 || total
-------------------------+-------+-------++-------
 Fire: Shortbow          |   119 |    96 ||   215
Armor: Leather armour    |     8 |     2 ||    10
Dodge: Dodged            |    27 |    23 ||    50
